 Dungeon Crawl Stone Soup version 0.20.1-1-g8b1a95d (webtiles) character file.

329 dohliylev the Covert (level 6, 0/41 HPs)
             Began as a Vampire Enchanter on Dec 17, 2017.
             Slain by Edmund
             ... wielding a +2 flail of holy wrath
              (10 damage)
             ... on level 4 of the Dungeon.
             The game lasted 00:13:51 (4729 turns).

dohliylev the Covert (Vampire Enchanter)            Turns: 4729, Time: 00:13:53

Health: 0/41       AC:  0    Str:  7    XL:     6   Next: 25%
Magic:  0/9        EV: 20    Int: 20    God:
Gold:   233        SH:  0    Dex: 19    Spells: 3/9 levels left

rFire    . . .     SeeInvis +   (weapon currently unavailable)
rCold    . . .     Gourm    .   (shield currently unavailable)
rNeg     + . .     Faith    .   (armour currently unavailable)
rPois    .         Spirit   .   (helmet currently unavailable)
rElec    .         Reflect  .   (cloak currently unavailable)
rCorr    .         Harm     .   (gloves currently unavailable)
MR       .....                  (boots currently unavailable)
Stlth    ++++++....             (no amulet)
Regen    0.2/turn               (ring currently unavailable)
MPRegen  0.2/turn               (ring currently unavailable)

@: bat-form, flying, very quick
A: fangs 3, see invisible
a: End Transformation


You were on level 4 of the Dungeon.
You were not thirsty.
You were in vampire-bat-form.
You visited 1 branch of the dungeon, and saw 4 of its levels.

You collected 233 gold pieces.

Inventory:

Hand Weapons
 a - a +1 dagger (melded)
Armour
 b - a +0 robe (melded)
 j - a +0 cloak (melded)
 p - a +0 buckler (melded)
 x - a +1 helmet (melded)
Jewellery
 n - a ring of ice (melded)
 v - an uncursed ring of wizardry {unknown}
Scrolls
 e - a scroll of fog {unknown}
 f - 4 scrolls of identify {unknown}
 l - a scroll of remove curse {unknown}
 m - 3 scrolls of magic mapping {unknown}
 q - 2 scrolls of teleportation {unknown}
 r - a scroll of enchant weapon {unknown}
 s - a scroll of fear {unknown}
Potions
 d - 6 potions of blood
 g - 4 potions of agility {unknown}
 h - a potion of ambrosia {unknown}
 i - a potion of magic {unknown}
 k - 3 potions of curing {unknown}
 o - 2 potions of invisibility {unknown}
 t - a potion of lignification {unknown}
 u - a potion of cancellation {unknown}
 w - a potion of resistance {unknown}
 z - a potion of haste {unknown}
Books
 c - a book of Maledictions

   Spells                             Type                      Level
   a - Corona                         Hexes                        1
   b - Ensorcelled Hibernation        Hexes/Ice                    2
   c - Confuse                        Hexes                        3
   d - Tukima's Dance                 Hexes                        3
   e - Dazzling Spray                 Conjuration/Hexes            3


   Skills:
 - Level 1.1 Short Blades
 - Level 2.1 Dodging
 - Level 8.0 Stealth
 + Level 3.2 Shields
 - Level 2.0 Spellcasting
 - Level 6.0 Hexes


You had 3 spell levels left.
You knew the following spells:

 Your Spells              Type           Power        Failure   Level  Hunger
a - Corona                Hex            ####...      1%          1    #......
b - Ensorcelled Hibernat  Hex/Ice        ##....       7%          2    ##.....
c - Confuse               Hex            ####....     4%          3    ###....


Dungeon Overview and Level Annotations

Branches:
Dungeon (4/15)
 Temple: D:4-7

Altars:
Dithmenos
Hepliaklqana
Okawaru
Sif Muna
Yredelemnul

Annotations:
D:4 Edmund


Innate Abilities, Weirdness & Mutations

You have razor-sharp teeth.
You have supernaturally acute eyesight. (SInv)
((You can survive without breathing.))


Message History

Casting: Ensorcelled Hibernation
Confirm with . or Enter, or press ? or * to list all spells.
Aiming: Ensorcelled Hibernation
Press: ? - help, Shift-Dir - straight line, f/p - Edmund
Aim: Edmund, wielding a flail of holy wrath and wearing a ring mail (chance to defeat MR: 50%)
You feel a surge of power!
Edmund looks drowsy...
Edmund hits you with a flail of holy wrath!
You convulse.
You hit Edmund. Your bite misses Edmund.
Edmund is lightly wounded.
Edmund hits you with a flail of holy wrath!
You convulse.
You turn into a vampire bat.
Your +1 dagger melds into your body.
Your +0 cloak melds into your body.
Your +1 helmet melds into your body.
Your +0 buckler melds into your body.
Your +0 robe melds into your body.
Your ring of ice melds into your body.
Edmund hits you with a flail of holy wrath!
* * * LOW HITPOINT WARNING * * *
You convulse!
You die...

# # # #########
#########################........
..................#..............
..@.............%.#..............
..................#)............#
..........<....@b........######.#
.....##########..........# #.#
.....# #......)...# #.. .....#
#..........######## .....#
#..[.......##...... .....##
########'####.##### .......
.................. #######
######.#######.#.#.# .......
+........#####.#...#


You could see Edmund.

Vanquished Creatures
  The ghost of Tiamon the Firebug, an amateur GrFE (D:3)
  2 scorpions (D:4)
  Robin (D:4)
  4 adders
  A shadow imp (D:4)
  2 oozes
  A worm (D:2)
  5 dart slugs
  A leopard gecko (D:3)
  2 orcs (D:3)
  5 bats
  A giant cockroach (D:2)
  2 gnoll zombies (D:3)
  22 goblins
  11 hobgoblins
  2 jackals (D:1)
  6 quokkas
  2 frilled lizards
  9 kobolds
  A leopard gecko skeleton (D:4)
  6 rats
87 creatures vanquished.

Notes
Turn   | Place    | Note
-------+----------+-------------------------------------------
     0 | D:1      | dohliylev the Vampire Enchanter began the quest for the Orb.
     0 | D:1      | Reached XP level 1. HP: 13/13 MP: 3/3
   373 | D:1      | Reached skill level 5 in Stealth
   386 | D:1      | Reached XP level 2. HP: 18/19 MP: 1/5
   398 | D:1      | Learned a level 2 spell: Ensorcelled Hibernation
   646 | D:1      | Reached skill level 6 in Stealth
  1367 | D:2      | Reached XP level 3. HP: 19/24 MP: 1/6
  1399 | D:2      | Found an iron altar of Okawaru.
  1599 | D:2      | Reached skill level 7 in Stealth
  1823 | D:2      | Found a deep blue altar of Sif Muna.
  1953 | D:2      | Found a faded altar of an unknown god.
  2119 | D:2      | Found a shadowy altar of Dithmenos.
  2379 | D:3      | Reached XP level 4. HP: 30/30 MP: 7/7
  2627 | D:3      | Found a basalt altar of Yredelemnul.
  2858 | D:3      | Reached skill level 8 in Stealth
  2952 | D:3      | Noticed Tiamon's ghost (amateur GrFE)
  2984 | D:2      | Learned a level 3 spell: Confuse
  3057 | D:3      | Killed Tiamon's ghost
  3057 | D:3      | Reached XP level 5. HP: 26/35 MP: 0/8
  3346 | D:3      | Reached skill level 1 in Shields
  3519 | D:3      | Found a hazy altar of Hepliaklqana.
  3742 | D:4      | Noticed Robin
  4314 | D:4      | Killed Robin
  4496 | D:4      | Reached XP level 6. HP: 36/41 MP: 4/9
  4497 | D:4      | Noticed Edmund
  4729 | D:4      | Slain by Edmund

Skill      XL: |  1  2  3  4  5  6 |
---------------+-------------------+-----
Stealth        | 5 6 7 8 |  8.0
Hexes          | 6 |  6.0
Shields        | 2 3 |  3.2
Short Blades   | |  1.1
Dodging        | |  2.1
Spellcasting   | |  2.0

Action                   |  1- 3 |  4- 6 || total
-------------------------+-------+-------++-------
Melee: Dagger            |    78 |    92 ||   170
       Bite              |     7 |     6 ||    13
 Cast: Corona            |     6 |     1 ||     7
       Ensorcelled Hiber |    27 |    53 ||    80
       Confuse           |       |     4 ||     4
 Abil: Bat Form          |       |     3 ||     3
       End Transformatio |       |     2 ||     2
  Use: Potion            |       |     2 ||     2
 Stab: Sleeping          |    23 |    36 ||    59
       Confused          |       |     4 ||     4
  Eat: Corpse            |     7 |     9 ||    16
Armor: Robe              |    25 |    11 ||    36
Dodge: Dodged            |    45 |    39 ||    84
Block: Buckler           |     4 |    16 ||    20
